 Dungeon Crawl Stone Soup version 0.20.0-15-g7f486f2 (webtiles) character file.

152462 Jakon the Tortoise (level 17, -14/160 HPs)
             Began as a Minotaur Fighter on June 23, 2017.
             Was the Champion of Okawaru.
             Demolished by a jumping spider (19 damage)
             ... on level 1 of the Spider Nest.
             The game lasted 02:59:13 (39196 turns).

Jakon the Tortoise (Minotaur Fighter)              Turns: 39196, Time: 02:59:13

Health: -14/160    AC: 14    Str: 28    XL:     17   Next: 2%
Magic:  24/24      EV: 12    Int: 12    God:    Okawaru [******]
Gold:   744        SH: 23    Dex: 17    Spells: 16/16 levels left

rFire    + + .     SeeInvis +   B - +9 scimitar (flame)
rCold    + . .     Gourm    .   h - +5 shield {AC+3}
rNeg     + . .     Faith    .   w - +4 fire dragon scales of Kuduxa {+Fly rF++ rC- Int+3 Stlth-}
rPois    +         Spirit   .   F - +0 hat of the Mutiny {rPois Str+4 Dex+2}
rElec    .         Reflect  +   X - +2 ratskin cloak {+Rats rPois rN+ Str-1 Int-1 Dex+1}
rCorr    .         Harm     .   R - +2 pair of gloves {Str+3}
MR       +....                  a - +4 pair of boots of Minor Irritation {+Inv rC++ Int+3}
Stlth    ..........             x - +2 amulet of reflection
Regen    0.4/turn               t - +2 ring of evasion
MPRegen  0.2/turn               s - ring of see invisible

@: corroded
A: retaliatory headbutt, horns 2, no potion heal 1
a: Heroism, Finesse, Renounce Religion, Evoke Ratskin, Evoke Invisibility, Evoke
Flight


You were on level 1 of the Spider Nest.
You worshipped Okawaru.
Okawaru was exalted by your worship.
You were full.

You visited 7 branches of the dungeon, and saw 28 of its levels.
You also visited: Labyrinth and Volcano.

You collected 2618 gold pieces.
You spent 1874 gold pieces at shops.

Inventory:

Hand Weapons
 v - a +3 triple crossbow of freezing
 B - a +9 scimitar of flaming (weapon)
 E - a +0 blowgun
Missiles
 r - 6 javelins (quivered)
 G - 13 curare-tipped needles
Armour
 a - the +4 pair of boots of Minor Irritation (worn) {+Inv rC++ Int+3}
   (Okawaru gifted it to you on level 1 of the Orcish Mines)

   It affects your intelligence (+3).
   It greatly protects you from cold.
   It lets you turn invisible.
 h - a +5 shield of protection (worn)
 w - the +4 fire dragon scales of Kuduxa (worn) {+Fly rF++ rC- Int+3 Stlth-}
   (You took it off a minotaur in a labyrinth)

   It affects your intelligence (+3).
   It greatly protects you from fire.
   It makes you vulnerable to cold.
   It lets you fly.
   It makes you less stealthy.
 F - the +0 hat of the Mutiny (worn) {rPois Str+4 Dex+2}
   (Okawaru gifted it to you on level 4 of the Lair of Beasts)

   It affects your strength (+4).
   It affects your dexterity (+2).
   It protects you from poison.
 R - a +2 pair of gloves of strength (worn)
 X - the +2 ratskin cloak (worn) {+Rats rPois rN+ Str-1 Int-1 Dex+1}
   (You found it on level 13 of the Dungeon)

   It affects your strength (-1).
   It affects your intelligence (-1).
   It affects your dexterity (+1).
   It protects you from poison.
   It protects you from negative energy.
Magical Staves
 p - an uncursed staff of summoning
 C - an uncursed staff of poison
Jewellery
 s - a ring of see invisible (right hand)
 t - a +2 ring of evasion (left hand)
 x - a +2 amulet of reflection (around neck)
Wands
 j - a wand of disintegration (0/24)
 k - a wand of clouds (4/9)
 l - a wand of acid (2/15)
 n - a wand of confusion (34/48)
Scrolls
 b - 2 scrolls of fear
 e - 8 scrolls of remove curse
 i - 11 scrolls of teleportation
 m - 5 scrolls of magic mapping
 o - a scroll of enchant armour
 u - a scroll of brand weapon
 y - 3 scrolls of fog
 A - 2 scrolls of immolation
 D - 2 scrolls of identify
 K - a scroll of enchant weapon
Potions
 c - 2 potions of brilliance
 f - 3 potions of haste
 g - 5 potions of flight
 q - 4 potions of curing
 H - a potion of resistance
Books
 I - a book of Minor Magic

   Spells                             Type                      Level
   a - Magic Dart                     Conjuration                  1
   b - Blink                          Translocation                2
   c - Call Imp                       Summoning                    2
   d - Slow                           Hexes                        2
   e - Conjure Flame                  Conjuration/Fire             3
   f - Mephitic Cloud                 Conjuration/Poison/Air       3
Comestibles
 d - 8 meat rations
 z - a royal jelly
 J - a bread ration


   Skills:
 + Level 16.7 Fighting
 + Level 17.0 Long Blades
 + Level 17.1 Armour
 + Level 16.7 Shields
 + Level 11.7 Invocations


You had 16 spell levels left.
You didn't know any spells.

Dungeon Overview and Level Annotations

Branches:
Dungeon (15/15)            Temple (1/1) D:6            Lair (6/6) D:11
 Shoals (0/4) Lair:3       Spider (2/4) Lair:2        Slime (0/5) Lair:6
    Orc (2/2) D:9             Elf (1/3) Orc:2        Vaults (0/5) D:14
 Depths (1/5) D:15

Altars:
Ashenzari
Cheibriados
Dithmenos
Elyvilon
Fedhas
Gozag
Hepliaklqana
Kikubaaqudgha
Makhleb
Nemelex Xobeh
Okawaru
Qazlal
Ru
Sif Muna
Trog
Uskayaw
Vehumet
Xom
Yredelemnul
Zin
The Shining One

Shops:
D:4 **[*[   Orc:2 :}:::


Innate Abilities, Weirdness & Mutations

You reflexively headbutt those who attack you in melee.
You have a pair of horns on your head.
Potions are less effective at restoring your health.


Message History

Okay, then.
Okay, then.
Okay, then.
Okay, then.
You block the jumping spider's attack. x2
You block the emperor scorpion's attack.
The emperor scorpion claws you but does no damage.
The emperor scorpion claws you.
* * * LOW HITPOINT WARNING * * *
You block the moth of wrath's attack. The jumping spider pounces on you.
* * * LOW HITPOINT WARNING * * *
The jumping spider closely misses you.
You climb upwards.
There is a stone staircase leading down here.
You block the jumping spider's attack. x2
The emperor scorpion stings you but does no damage.
You block the emperor scorpion's attack.
The emperor scorpion claws you but does no damage.
The jumping spider pounces on you!!
You die...

#.....#...........#....##
#.#....#.^...####.......#
#..^#.>^.#.#......##...##
#......#####.........#.#
#.....## #.....#.#...###
#....#.# ###...#..#.^....####
#.....[###^.#..............#.
#.......###..#.#.#...##......
#....#.###..@#.#.#......#....
#...^.#####.s...........#.#..
#....(..#.s.y...#....#...#..#
#†#.#.................#......
#....^....#..#....#......#..#
#..#.....#...##.........#..##
#.....#...#.....#.##....^#..#
#..#^...#.#.......#.....##...
#....#........#...##.#...[..>


You could see an emperor scorpion (berserk), a moth of wrath and a jumping
spider (berserk).

Vanquished Creatures
  Arachne (Spider:2)
  2 emperor scorpions (Spider:2)
  The ghost of GsBirdie the Severer, a journeyman MiBe of Trog (Lair:6)
  An entropy weaver (Spider:1)
  5 dire elephants (Lair:6)
  The ghost of loom the Sharpshooter, a journeyman MiHu of Okawaru (D:11)
  A minotaur (Lab)
  Snorg (D:10)
  The ghost of GsBirdie the Cleaver, a journeyman MiBe of Trog (Lair:1)
  A fire dragon (D:15)
  6 ogre magi
  A catoblepas (D:15)
  5 hydras
  Fannar (Lair:2)
  An ice dragon (D:15)
  4 centaur warriors
  An anaconda (Lair:6)
  A vault guard (D:14)
  2 death knights (D:14)
  23 two-headed ogres
  10 death yaks
  An orc high priest (Orc:1)
  Sonja (Lair:2)
  Nergalle (D:10)
  3 skeletal warriors (D:12)
  4 unseen horrors
  3 wizards
  3 phantasmal warriors (D:14)
  2 necromancers (D:14)
  2 lindwurms (Volcano)
  20 ugly things
  An orc knight (D:13)
  2 orc sorcerers (Orc:1)
  6 orb spiders
  11 wolf spiders
  A wolf spider zombie (D:13)
  5 oklob plants
  A salamander (shapeshifter) (D:15)
  A moth of wrath (Spider:2)
  A toenail golem (Volcano)
  5 cyclopes
  2 manticores
  Joseph (D:10)
  Maurice (D:11)
  22 elephants
  6 black mambas
  8 spiny frogs
  A molten gargoyle (Volcano)
  Psyche (D:10)
  3 torpor snails
  A gargoyle (D:12)
  4 yaktaurs
  2 rime drakes (Lair:6)
  10 komodo dragons
  2 kobold demonologists (D:14)
  2 freezing wraiths
  8 demonic crawlers
  4 efreet
  2 trolls
  3 meliai (D:14)
  A minotaur skeleton (Lab)
  4 hornets
  18 jumping spiders
  A merfolk (Lair:3)
  Prince Ribbit (D:6)
  3 polar bears
  A harpy skeleton (D:14)
  4 dream sheep (Lair:5)
  9 blink frogs
  6 slime creatures (D:15)
  6 hippogriffs
  A centaur simulacrum (D:13)
  33 redbacks
  2 shadows
  2 wyverns
  48 yaks
  17 tarantellas
  Sigmund (D:4)
  2 basilisks (D:15)
  A wraith (D:13)
  2 hungry ghosts
  19 humans
  A golden eye (shapeshifter) (D:13)
  5 fire elementals (Volcano)
  4 hogs (D:9)
  6 vampire mosquitoes
  6 wargs (Orc:1)
  An acid dragon (D:10)
  9 water moccasins
  A soldier ant (D:13)
  Duvessa (D:5)
  16 orc warriors
  10 porcupines
  3 sky beasts
  4 black bears
  4 ice beasts
  5 phantoms
  2 wolves
  An eye of draining (D:15)
  29 ogres
  6 centaurs
  15 crocodiles
  5 big kobolds
  19 bullfrogs
  10 earth elementals
  Dowan (D:5)
  A wyvern skeleton (D:12)
  4 scorpions
  12 killer bees
  4 howler monkeys
  9 wights
  An electric eel (Lair:3)
  11 crimson imps
  A quasit (D:12)
  A centaur zombie (D:7)
  6 orc priests
  A bullfrog zombie (D:12)
  3 jellies
  6 hounds
  A bullfrog skeleton (D:4)
  4 centaur skeletons
  Crazy Yiuf (D:4)
  6 hell rats (Lair:5)
  4 iguanas
  13 orc wizards
  10 worker ants
  A hound zombie (D:5)
  4 hound skeletons
  3 worker ant zombies
  4 gnolls (D:4)
  A howler monkey skeleton (D:6)
  19 adders
  7 shadow imps
  An ooze (D:4)
  An adder skeleton (D:4)
  2 worms
  A dart slug (D:1)
  6 leopard geckos
  69 orcs
  2 giant cockroaches
  9 goblins
  10 hobgoblins
  14 jackals
  6 quokkas
  A ball python (D:3)
  9 bats
  3 frilled lizards
  A giant cockroach zombie (D:6)
  A jackal zombie (D:7)
  31 kobolds
  A leopard gecko zombie (D:5)
  A quokka zombie (D:6)
  5 rats
  2 fire vortices (Volcano)
  19 plants
906 creatures vanquished.

Vanquished Creatures (collateral kills)
  Rupert (Orc:2)
  An ogre (Orc:2)
2 creatures vanquished.

Vanquished Creatures (others)
  A redback (Spider:1)
  4 kobolds (D:14)
  9 fungi
  12 plants
26 creatures vanquished.

Grand Total: 934 creatures vanquished

Notes
Turn   | Place    | Note
-------+----------+-------------------------------------------
     0 | D:1      | Jakon the Minotaur Fighter began the quest for the Orb.
     0 | D:1      | Reached XP level 1. HP: 19/19 MP: 0/0
   232 | D:1      | Reached XP level 2. HP: 19/27 MP: 1/1
   852 | D:2      | Reached XP level 3. HP: 28/33 MP: 2/2
  1199 | D:2      | Found a shimmering altar of Xom.
  1199 | D:2      | Found a bloodstained altar of Trog.
  1277 | D:2      | Reached XP level 4. HP: 37/41 MP: 3/3
  1974 | D:3      | Found a shadowy altar of Dithmenos.
  2140 | D:3      | Reached XP level 5. HP: 46/47 MP: 4/4
  2482 | D:3      | Found an opulent altar of Gozag.
  2872 | D:4      | Found Daam's Armour Emporium.
  2881 | D:4      | Noticed Sigmund
  2902 | D:4      | Killed Sigmund
  2902 | D:4      | Reached skill level 5 in Fighting
  2902 | D:4      | Reached skill level 5 in Armour
  2902 | D:4      | Reached skill level 5 in Shields
  2902 | D:4      | Reached XP level 6. HP: 23/56 MP: 5/5
  3282 | D:4      | Found Humowk's Assorted Antiques.
  3309 | D:4      | Bought a transparent ring mail for 207 gold pieces
  3322 | D:4      | Identified the +3 ring mail "Nalusch" {rElec rF- Str+5 Dex+3} (You bought it in a shop on level 4 of the Dungeon)
  3363 | D:4      | Reached skill level 5 in Long Blades
  3412 | D:4      | Found a runed door.
  3416 | D:4      | Noticed Crazy Yiuf
  3429 | D:4      | Killed Crazy Yiuf
  3491 | D:4      | Found Heniaf's General Store.
  3495 | D:4      | Bought a scroll of identify for 28 gold pieces
  3688 | D:4      | Found Woima's Assorted Antiques.
  3697 | D:4      | Reached XP level 7. HP: 61/61 MP: 6/6
  3787 | D:4      | Found Dadimoil's Antique Armour Shop.
  4046 | D:3      | Found a burning altar of Makhleb.
  4115 | D:5      | Entered Level 5 of the Dungeon
  4139 | D:5      | Noticed Duvessa
  4139 | D:5      | Noticed Dowan
  4157 | D:5      | Killed Duvessa
  4159 | D:5      | Killed Dowan
  4571 | D:5      | Reached XP level 8. HP: 71/71 MP: 7/7
  4970 | D:6      | Noticed Prince Ribbit
  5124 | D:6      | Killed Prince Ribbit
  5628 | D:6      | Found a staircase to the Ecumenical Temple.
  5733 | Temple   | Entered the Ecumenical Temple
  5841 | Temple   | Became a worshipper of Warmaster Okawaru
  6084 | D:7      | Reached XP level 9. HP: 80/80 MP: 8/8
  6625 | D:8      | Reached * piety under Okawaru
  6868 | D:8      | Found a white marble altar of Elyvilon.
  6882 | D:8      | Found an ancient bone altar of Kikubaaqudgha.
  7203 | D:9      | Reached ** piety under Okawaru
  7513 | D:9      | Reached XP level 10. HP: 69/91 MP: 9/9
  7840 | D:9      | Found a staircase to the Orcish Mines.
  7937 | D:9      | Reached *** piety under Okawaru
  8237 | D:9      | Reached skill level 10 in Armour
  8237 | D:9      | Reached skill level 10 in Shields
  8331 | D:9      | Reached skill level 10 in Long Blades
  8643 | D:4      | Bought a pair of embroidered gloves for 142 gold pieces
  8696 | D:4      | Bought a scroll labeled VAITHU ILESIXKI for 32 gold pieces
  8696 | D:4      | Bought a scroll of remove curse for 96 gold pieces
  8799 | D:4      | Bought a scroll of remove curse for 69 gold pieces
  8799 | D:4      | Bought a scroll labeled JITWUI DIZIARO for 23 gold pieces
  8862 | D:4      | You fall through a shaft for 2 floors!
  9054 | D:8      | Reached skill level 10 in Fighting
  9143 | D:10     | Entered Level 10 of the Dungeon
  9145 | D:10     | Noticed Snorg
  9164 | D:10     | Killed Snorg
  9164 | D:10     | Reached **** piety under Okawaru
  9574 | D:10     | Noticed Joseph
  9603 | D:10     | Killed Joseph
  9650 | D:10     | Noticed Psyche
  9656 | D:10     | Killed Psyche
  9862 | D:10     | Reached XP level 11. HP: 97/101 MP: 10/10
  9931 | D:10     | Noticed a seven-headed hydra
 10048 | D:11     | Reached ***** piety under Okawaru
 10240 | D:11     | Noticed a two-headed ogre
 10248 | D:11     | Killed a two-headed ogre
 10434 | D:11     | Noticed loom's ghost (journeyman MiHu)
 10993 | D:11     | Found a staircase to the Lair.
 10995 | D:11     | Noticed a red ugly thing
 11004 | D:11     | Killed a red ugly thing
 11082 | D:11     | Killed loom's ghost
 11191 | D:11     | Noticed a two-headed ogre
 11221 | D:11     | Killed a two-headed ogre
 11221 | D:11     | Received a gift from Okawaru
 11529 | D:11     | Noticed Maurice
 11539 | D:11     | Killed Maurice
 11865 | Lair:1   | Entered Level 1 of the Lair of Beasts
 12271 | Lair:1   | Noticed GsBirdie's ghost (journeyman MiBe)
 12627 | Lair:1   | Killed GsBirdie's ghost
 12627 | Lair:1   | Reached skill level 1 in Invocations
 13527 | D:12     | Noticed a two-headed ogre
 13532 | D:12     | Killed a two-headed ogre
 13598 | D:12     | Reached XP level 12. HP: 111/111 MP: 12/12
 13628 | D:12     | Noticed a centaur warrior
 13641 | D:12     | Killed a centaur warrior
 13887 | D:12     | Noticed an eight-headed hydra
 14418 | Orc:1    | Entered Level 1 of the Orcish Mines
 14540 | Orc:1    | Found a radiant altar of Vehumet.
 14664 | Orc:1    | Noticed an orc high priest
 14675 | Orc:1    | Killed an orc high priest
 14680 | Orc:1    | Reached ****** piety under Okawaru
 14842 | Orc:1    | Received a gift from Okawaru
 14880 | Orc:2    | Entered Level 2 of the Orcish Mines
 14912 | Orc:2    | Found a staircase to the Elven Halls.
 14916 | Orc:2    | Found Ylasic's Book Shop.
 15197 | Orc:2    | Noticed a two-headed ogre
 15199 | Orc:2    | Noticed an ogre mage
 15202 | Orc:2    | Noticed a two-headed ogre
 15203 | Orc:2    | Noticed a two-headed ogre
 15451 | Orc:2    | Noticed a two-headed ogre
 15451 | Orc:2    | Noticed a two-headed ogre
 15452 | Orc:2    | Noticed an ogre mage
 15457 | Orc:1    | Killed a two-headed ogre
 15457 | Orc:1    | Received a gift from Okawaru
 15460 | Orc:1    | Got a pair of shimmering boots {god gift}
 15468 | Orc:1    | Identified the +4 pair of boots of Minor Irritation {+Inv rC++ Int+3} (Okawaru gifted it to you on level 1 of the Orcish Mines)
 16741 | Orc:2    | Killed a two-headed ogre
 16753 | Orc:2    | Noticed a two-headed ogre
 16755 | Orc:2    | Noticed a two-headed ogre
 16757 | Orc:2    | Paralysed by an ogre mage for 7 turns
 16771 | Orc:1    | Killed a two-headed ogre
 16933 | Orc:2    | Killed a two-headed ogre
 16946 | Orc:1    | Killed an ogre mage
 16967 | Orc:2    | Killed a two-headed ogre
 16967 | Orc:2    | Reached skill level 5 in Invocations
 16980 | Orc:2    | Killed an ogre mage
 16986 | Orc:2    | Gained mutation: Potions are less effective at restoring your health. [mutagenic glow]
 17023 | Orc:2    | Killed a two-headed ogre
 17035 | Orc:2    | Killed a two-headed ogre
 17035 | Orc:2    | Reached XP level 13. HP: 104/119 MP: 15/15
 17296 | Orc:2    | Received a gift from Okawaru
 17311 | Orc:2    | Noticed Rupert
 17328 | Orc:2    | Killed Rupert
 17403 | Orc:2    | Found Huggyuf's Gadget Shoppe.
 17403 | Orc:2    | Found Kec Kew's Book Boutique.
 17403 | Orc:2    | Found Ikkisaha's Book Boutique.
 17403 | Orc:2    | Found Ugoum's Book Emporium.
 18024 | Elf:1    | Entered Level 1 of the Elven Halls
 18426 | D:4      | Bought a scroll of enchant armour for 240 gold pieces
 18462 | D:4      | Bought the +0 hat "Rawkusk" {+Inv MR+} for 283 gold pieces
 18537 | D:4      | Bought a scroll of magic mapping for 49 gold pieces
 18537 | D:4      | Bought a potion of invisibility for 112 gold pieces
 18537 | D:4      | Bought an uncursed ring of see invisible for 210 gold pieces
 18583 | D:4      | Bought a scroll of teleportation for 69 gold pieces
 19380 | Lair:2   | Received a gift from Okawaru
 19473 | Lair:2   | Found a hole to the Spider Nest.
 19683 | Lair:2   | Noticed Sonja
 19700 | Lair:2   | Killed Sonja
 20053 | Lair:2   | Noticed Fannar
 20067 | Lair:2   | Killed Fannar
 21291 | Lair:3   | Found a staircase to the Shoals.
 21982 | Lair:4   | Received a gift from Okawaru
 21992 | Lair:4   | Reached XP level 14. HP: 77/130 MP: 18/18
 22002 | Lair:4   | Got a pitted hat {god gift}
 22334 | Lair:4   | Identified the +0 hat of the Mutiny {rPois Str+4 Dex+2} (Okawaru gifted it to you on level 4 of the Lair of Beasts)
 25629 | D:4      | Bought a scroll of magic mapping for 80 gold pieces
 25741 | D:4      | Bought a potion of flight for 96 gold pieces
 26035 | D:10     | Noticed Nergalle
 26052 | D:10     | Killed Nergalle
 26190 | D:10     | Found an iron altar of Okawaru.
 26193 | D:10     | Found a snail-covered altar of Cheibriados.
 26193 | D:10     | Found a shimmering altar of Xom.
 26195 | D:10     | Found a white marble altar of Elyvilon.
 26195 | D:10     | Found a shimmering altar of Xom.
 26195 | D:10     | Found an ancient bone altar of Kikubaaqudgha.
 26304 | D:10     | Noticed Erolcha
 26306 | D:10     | Noticed Erolcha
 26306 | D:10     | Erolcha changed into Erolcha the acid dragon
 26311 | D:10     | Killed Erolcha the acid dragon
 27020 | D:12     | Got a transparent leather armour
 27032 | D:12     | Identified the cursed +0 leather armour of Erog {Int+4} (You found it on level 12 of the Dungeon)
 27561 | D:12     | Received a gift from Okawaru
 29081 | D:13     | Found a labyrinth entrance.
 29098 | Lab      | Entered a labyrinth
 29930 | Lab      | Got jewelled fire dragon scales
 29946 | Lab      | Identified the Catalogue of Quantum Leap
 30020 | D:13     | Identified the +4 fire dragon scales of Kuduxa {+Fly rF++ rC- Int+3 Stlth-} (You took it off a minotaur in a labyrinth)
 30469 | D:13     | Received a gift from Okawaru
 30469 | D:13     | Reached skill level 15 in Armour
 30721 | D:13     | Reached skill level 15 in Long Blades
 30774 | D:13     | Got a faintly glowing buckler
 30786 | D:13     | Identified the +0 buckler of the Griffon {Dex+4} (You found it on level 13 of the Dungeon)
 31250 | D:10     | Reached XP level 15. HP: 136/139 MP: 12/20
 31388 | D:4      | Bought a +0 shield of protection for 138 gold pieces
 31776 | Lair:4   | Got an ancient robe
 31789 | Lair:4   | Identified the cursed +1 robe of Too Many Cooks {Str+8} (You found it on level 4 of the Lair of Beasts)
 32199 | Lair:6   | Entered Level 6 of the Lair of Beasts
 32201 | Lair:6   | Got a transparent scythe
 32220 | Lair:6   | Reached skill level 15 in Shields
 32225 | Lair:6   | Reached skill level 15 in Fighting
 32293 | Lair:6   | Found a staircase to the Slime Pits.
 32312 | Lair:6   | Found a dark tunnel.
 32325 | Volcano  | Entered a volcano
 32761 | Lair:6   | Identified the +6 scythe of Tenacity {flame, rN++} (You found it on level 6 of the Lair of Beasts)
 33391 | Lair:6   | Noticed GsBirdie's ghost (journeyman MiBe)
 33416 | Lair:6   | Killed GsBirdie's ghost
 33807 | Lair:6   | Received a gift from Okawaru
 33830 | Lair:6   | Got a spiked scale mail {god gift}
 33886 | Lair:6   | Identified the +1 scale mail "Cediun" {MR+ rCorr Stlth+} (Okawaru gifted it to you on level 6 of the Lair of Beasts)
 34130 | Lair:6   | Reached skill level 10 in Invocations
 35820 | D:14     | Found a gate to the Vaults.
 35829 | D:14     | Received a gift from Okawaru
 35833 | D:14     | Reached XP level 16. HP: 136/151 MP: 22/22
 36182 | D:15     | Entered Level 15 of the Dungeon
 36299 | D:15     | Found a staircase to the Depths.
 36337 | Depths:1 | Entered Level 1 of the Depths
 36339 | Depths:1 | Noticed a juggernaut
 37172 | D:15     | Received a gift from Okawaru
 37420 | Spider:1 | Entered Level 1 of the Spider Nest
 38462 | Spider:2 | Received a gift from Okawaru
 38514 | Spider:2 | Noticed Arachne
 38543 | Spider:2 | Killed Arachne
 38543 | Spider:2 | Received a gift from Okawaru
 39153 | Spider:2 | Reached XP level 17. HP: 160/160 MP: 24/24
 39193 | Spider:2 | HP: 4/160 [jumping spider (5)]
 39196 | Spider:1 | Demolished by a jumping spider

Skill      XL: |  1  2  3  4  5  6  7  8  9 10 11 12 13 14 15 16 17 |
---------------+----------------------------------------------------+-----
Long Blades    | 3 4 5 6 7 9 10 12 13 14 15 16 17 | 17.0
Fighting       | 4 5 6 7 9 10 11 12 13 14 15 16 | 16.7
Armour         | 4 5 6 7 9 10 12 13 14 15 16 17 | 17.1
Shields        | 4 5 6 7 9 10 11 12 13 14 15 16 | 16.7
Invocations    | 2 5 7 9 10 11 | 11.7

Action                   |  1- 3 |  4- 6 |  7- 9 | 10-12 | 13-15 | 16-18 || total
-------------------------+-------+-------+-------+-------+-------+-------++-------
Melee: Long sword        |    94 |   160 |   346 |   682 |  1002 |       ||  2284
       Headbutt          |    17 |    26 |    94 |   214 |   573 |   172 ||  1096
       Unarmed           |       |     6 |       |       |       |       ||     6
       Flail             |       |       |       |       |   101 |       ||   101
       Scimitar          |       |       |       |       |   466 |   524 ||   990
 Fire: Blowgun           |       |       |       |     8 |       |       ||     8
Throw: Javelin           |       |       |       |       |     6 |       ||     6
Invok: Heroism           |       |       |       |     1 |     1 |       ||     2
 Abil: Evoke Invisibilit |       |       |       |     2 |       |       ||     2
Evoke: Wand              |       |       |     1 |    23 |    32 |     2 ||    58
       Phantom mirror    |       |       |       |       |     1 |       ||     1
       Box of beasts     |       |       |       |       |     1 |       ||     1
  Use: Potion            |       |     1 |       |     6 |     7 |     5 ||    19
       Scroll            |       |     4 |     8 |    20 |    25 |     5 ||    62
 Stab: Invisible         |       |       |       |     2 |    12 |       ||    14
       Confused          |       |       |       |       |       |     2 ||     2
  Eat: Chunk             |     1 |     8 |    11 |    17 |    10 |     2 ||    49
       Fruit             |       |       |     2 |     3 |       |       ||     5
       Meat ration       |       |       |       |     1 |     2 |     2 ||     5
       Bread ration      |       |       |       |     3 |     9 |       ||    12
       Royal jelly       |       |       |       |       |       |     1 ||     1
Armor: Scale mail        |    33 |    33 |       |       |       |       ||    66
       Ring mail         |       |     7 |    61 |   185 |   250 |       ||   503
       Fire dragon scale |       |       |       |       |   231 |   198 ||   429
Dodge: Dodged            |    25 |    26 |    68 |   148 |   326 |   151 ||   744
Block: Shield            |    51 |     7 |       |       |   472 |   526 ||  1056
       Large shield      |       |   125 |   266 |   560 |   812 |       ||  1763
       Reflection        |       |       |       |       |     8 |    14 ||    22
       Rpst.: Long sword |    10 |     4 |    15 |    29 |    37 |       ||    95
       Scimitar          |       |       |       |       |    22 |    30 ||    52
